 Dungeon Crawl Stone Soup version 0.30-a0-847-g17996783a1 (webtiles) character file.

Game seed: 9138447219858088259

4 Ceno the Sneak (level 1, 0/10 HPs)
             Began as a Felid Delver on Mar 3, 2023.
             Succumbed to an adder's poison
             ... on level 2 of the Dungeon.
             The game lasted 00:00:54 (125 turns).

Ceno the Sneak (Felid Delver)                        Turns: 125, Time: 00:00:54

Health: 0/10       AC:  1    Str:  8    XL:     1   Next: 58%
Magic:  2/2        EV: 17    Int: 11    God:
Gold:   3          SH:  0    Dex: 17    Spells: 0/0 levels left
                                        Lives:  0   Deaths: 0

rFire   . . .      SeeInvis +      - Unarmed
rCold   . . .      Faith    .    (shield unavailable)
rNeg    . . .      Spirit   .    (body armour unavailable)
rPois   .          Reflect  .    (helmet unavailable)
rElec   .          Rampage  .    (cloak unavailable)
rCorr   .                        (gloves unavailable)
Will    .....                    (boots unavailable)
Stlth   ++++                     (no amulet)
HPRegen 0.21/turn                (no ring)
MPRegen 0.08/turn                (no ring)

@: lethally poisoned (0 -> -7), hasted, very quick
A: very small, claws 1, fangs 3, see invisible, speed 1, shaggy fur 1, stealthy
paws, no weapons or thrown items, no armour, multi-lived
a: no special abilities


You were on level 2 of the Dungeon.
You visited 1 branch of the dungeon, and saw 4 of its levels.

You collected 3 gold pieces.

Inventory:

Wands
 e - a wand of digging (3)
Scrolls
 a - a scroll of fog
 b - a scroll of magic mapping
 c - a scroll of fear
 f - a scroll of acquirement {unknown}
 h - a scroll of immolation {unknown}
Potions
 g - a potion of curing {unknown}


   Skills:
 - Level 3.0 Fighting
 - Level 2.7 Dodging
 * Level 6.8 Stealth
 * Level 2.2 Unarmed Combat


You couldn't memorise any spells.
You didn't know any spells.
Your spell library was empty.

Dungeon Overview and Level Annotations

Branches:
Dungeon (5/15)
 Temple: D:4-7

Altars:

Shops:
D:5 [


Innate Abilities, Weirdness & Mutations

You have sharp claws.
You have razor-sharp teeth.
You have supernaturally acute eyesight. (SInv)
You cover ground quickly. (Speed+)
You are covered in fur. (AC +1)
Your paws help you pounce on unaware monsters.
You are incapable of wielding weapons or throwing items.
You cannot wear armour.
You gain extra lives every three experience levels.


Message History

The hobgoblin completely misses you.
You scratch the hobgoblin but do no damage.
You bite the hobgoblin.
You kill the hobgoblin!
An endoplasm comes into view.
Found 7 stones.
The helpless endoplasm fails to defend itself.
You mangle the endoplasm!!
You kill the endoplasm!
An adder comes into view.
The adder hisses angrily.
The adder moves out of view.
You enter the shallow water.
Moving in this stuff is going to be slow.
A kobold comes into view. It is wielding a +0 dagger.
The kobold shouts!
A bat comes into view.
The kobold throws a stone.
The stone misses you. The bat attacks as you move away! The bat misses you.
The bat barely misses you. The bat attacks as you move away!
The bat misses you. x2
You see here 7 stones.
The bat barely misses you. The bat closely misses you.
You scratch the bat.
You kill the bat!
The adder barely misses you.
You closely miss the adder. The adder bites you.
You scratch the adder.
The adder is moderately wounded.
The adder barely misses you.
You scratch the adder.
The adder is heavily wounded.
The adder bites you.
You feel yourself speed up. The adder bites you.
* * * LOW HITPOINT WARNING * * *
You are lethally poisoned!
The adder poisons you! The adder barely misses you.
You miss the adder.
The adder is heavily wounded.
You die...

#...≈ ≈#
#.###.≈###≈#
......~~~≈≈#
......#..###
.....
##.K.###
....
###...###
### ###(.K#
###S# #@####
#....#
####.####
#....#
####....#
#....(..#
#.......#
#......##
#......##
w..


You could see an adder and a kobold.

Vanquished Creatures
  A bat (D:2)
  An endoplasm (D:2)
  A hobgoblin (D:2)
  A ball python (D:4)
4 creatures vanquished.

Notes
Turn   | Place    | Note
-------+----------+-------------------------------------------
     0 | D:5      | Ceno the Felid Delver began the quest for the Orb.
     0 | D:5      | Reached XP level 1. HP: 10/10 MP: 2/2
   125 | D:2      | Succumbed to an adder's poison

Illustrated notes

Levels and vault maps discovered:
D:2:      layout_basic, hellmonk_ecumenical_altar_inner_sanctum,
          minmay_crystal_water, uniq_robin
D:3:      layout_rooms, zin_treasury, hangedman_feature_mirror, uniq_grinder,
          uniq_crazy_yiuf_cottage
D:4:      layout_basic, grunt_dithmenos_smoke, minitemple, serial_shops, shop
D:5:      layout_loops_ring, minmay_temple_entry_water_ring, serial_shops,
          nicolae_shop_statue_plus, shop, shop, minmay_small_thing, uniq_sigmund

Action                     || total
---------------------------++-------
  Melee: Unarmed           ||    11
         Bite              ||     1
    Use: Potion            ||     1
   Stab: Sleeping          ||     2
  Dodge: Dodged            ||    12

Table legend: (Time is in decaauts)
 A = Elapsed time spent in this place.
 B = Non-inter-level travel time spent in this place.
 C = Inter-level travel time spent in this place.
 D = Time resting spent in this place.
 E = Time spent auto-exploring this place.
 F = Levels seen in this place.
 G = Mean time per level.
                   A        B        C        D        E       F      G
               +--------+--------+--------+--------+--------+-----+--------+
         Total |    104 |    104 |      0 |      0 |      0 |   4 |   26.0 |
       Dungeon |    104 |    104 |      0 |      0 |      0 |   4 |   26.0 |
               +--------+--------+--------+--------+--------+-----+--------+

Top non-repeatable levels by time:
     D:2: 48 daAuts
     D:4: 31 daAuts
     D:3: 16 daAuts
     D:5: 7 daAuts
